 Dungeon Crawl Stone Soup version 0.30-a0-341-g682706514a (webtiles) character file.

Game seed: 9337809834653727350

2349 bande the Chopper (level 9, -24/54 HPs)
             Began as a Gargoyle Fighter on Nov 2, 2022.
             Was a Priest of Okawaru.
             Annihilated by eyols's ghost (27 damage)
             ... on level 6 of the Dungeon.
             The game lasted 00:10:16 (5898 turns).

bande the Chopper (Gargoyle Fighter)                Turns: 5898, Time: 00:10:17

Health: -24/54     AC: 17    Str: 20    XL:     9   Next: 43%
Magic:  0/12       EV:  7    Int:  9    God:    Okawaru [***...]
Gold:   362        SH:  5    Dex: 13    Spells: 8/8 levels left

rFire   . . .      SeeInvis .    a - +1 war axe
rCold   . . .      Faith    .    c - +0 buckler
rNeg    + . .      Spirit   +    h - +0 chain mail
rPois   ∞          Reflect  .    j - +0 helmet
rElec   +          Harm     .    (no cloak)
rCorr   +          Rampage  .    (no gloves)
Will    .....                    (no boots)
Stlth   ..........               b - amulet of guardian spirit
HPRegen 0.29/turn                e - ring of resist corrosion
MPRegen 0.13/turn                (no ring)

@: studying Transmutations, very slow
A: sickness immunity, AC +6, negative energy resistance 1, electricity
resistance, torment resistance 1, petrification resistance
a: Renounce Religion, Heroism


You were on level 6 of the Dungeon.
You worshipped Okawaru.
Okawaru was most pleased with you.
You visited 2 branches of the dungeon, and saw 7 of its levels.

You collected 362 gold pieces.

Inventory:

Hand Weapons
 a - a +1 war axe (weapon)
 u - a +2 flail of protection
Armour
 c - a +0 buckler (worn)
 h - a +0 chain mail (worn)
 j - a +0 helmet (worn)
Jewellery
 b - an amulet of guardian spirit (around neck)
 e - a ring of resist corrosion (left hand)
 g - a +6 ring of strength
 k - an amulet of reflection
 r - a +6 ring of intelligence
 t - a ring of magical power
Wands
 n - a wand of quicksilver (12)
Scrolls
 f - 2 scrolls of teleportation
 p - 3 scrolls of identify
 q - a scroll of blinking
Potions
 d - a potion of might
 i - 2 potions of brilliance
 l - 5 potions of curing
 m - 2 potions of ambrosia
 o - a potion of lignification {unknown}


   Skills:
 + Level 5.3 Fighting
 + Level 7.5 Axes
 + Level 5.7 Armour
 - Level 0.3 Stealth
 + Level 5.3 Shields
 * Level 4.5 Invocations
 * Level 4.0 Evocations


You had 8 spell levels left.
You didn't know any spells.
Your spell library contained the following spells:

 Spells                   Type           Power      Damage    Failure   Level
 Foxfire                  Conj/Fire      0%         2x1d4     99%         1
 Freeze                   Ice            0%         1d3       99%         1
 Kiss of Death            Conj/Necr      0%         2d5       99%         1
 Magic Dart               Conj           0%         1d3       99%         1
 Slow                     Hex            0%         N/A       99%         1
 Searing Ray              Conj           0%         2d4       100%        2
 Static Discharge         Conj/Air       0%         2-2/arc   100%        2
 Confusing Touch          Hex            0%         N/A       100%        3
 Frozen Ramparts          Ice            0%         1d1       100%        3
 Gell's Gravitas          Tloc           0%         N/A       100%        3
 Hailstorm                Conj/Ice       0%         3d3       100%        3
 Lesser Beckoning         Tloc           0%         N/A       100%        3
 Teleport Other           Tloc           0%         N/A       100%        3
 Vampiric Draining        Necr           0%         2d6       100%        3
 Vhi's Electric Charge    Tloc/Air       0%         N/A       100%        3
 Dispel Undead            Necr           0%         3d6       100%        4
 Fulminant Prism          Conj/Hex       0%         3d5       100%        4
 Arcjolt                  Conj/Air       0%         1d10      100%        5
 Fireball                 Conj/Fire      0%         3d3       100%        5
 Lightning Bolt           Conj/Air       0%         1d11      100%        5
 Starburst                Conj/Fire      0%         6d3       100%        6


Dungeon Overview and Level Annotations

Branches:
Dungeon (6/15)             Temple (1/1) D:4

Altars:
Ashenzari
Cheibriados
Fedhas
Hepliaklqana
Makhleb
Okawaru
Ru
Trog
Uskayaw
Wu Jian
Xom
Yredelemnul
Zin

Annotations:
D:6 eyols's ghost, novice TrWr


Innate Abilities, Weirdness & Mutations

You are immune to sickness and miasma.
Your stone body is resilient. (AC +6)
You are immune to poison.
You resist negative energy. (rN+)
You are resistant to electric shocks. (rElec)
You are resistant to unholy torment.
You are immune to petrification.


Message History

You closely miss the bullfrog.
The bullfrog is severely wounded.
The bullfrog barely misses you.
You hit the bullfrog.
The bullfrog is almost dead.
The bullfrog hits you but does no damage. x2
You slash the bullfrog!
You kill the bullfrog!
Okawaru accepts your kill.
Your Evocations skill increases to level 4!
You enter the shallow water.
Moving in this stuff is going to be slow.
You see here a bullfrog corpse.
Eyols's ghost closely misses you.
You closely miss eyols's ghost.
Eyols's ghost is lightly damaged.
Eyols's ghost barely misses you.
Your unstable footing causes you to fumble your attack.
Eyols's ghost hits you.
* * * LOW HITPOINT WARNING * * *
You slash eyols's ghost!
Eyols's ghost is moderately damaged.
Eyols's ghost hits you.
* * * LOW HITPOINT WARNING * * *
You block eyols's ghost's attack.
You hit eyols's ghost.
Eyols's ghost is moderately damaged.
Eyols's ghost hits you but does no damage.
Unknown command.
Your unstable footing causes you to fumble your attack.
Eyols's ghost hits you!
* * * LOW HITPOINT WARNING * * *
You slash eyols's ghost!
Eyols's ghost is heavily damaged.
Eyols's ghost barely misses you.
You slash eyols's ghost!
Eyols's ghost is severely damaged.
Eyols's ghost hits you!!
Ouch! That really hurt!
You die...

#.......#
#.#######
##.#
##..#
##..###
#.....#
#.#†#.#
###W###
##@## #~#
#~# #$#
#~# ###


You could see eyols's ghost.

Vanquished Creatures
  Duvessa (D:5)
  A water moccasin (D:6)
  An orc warrior (D:5)
  2 black bears
  5 ogres
  A centaur (D:4)
  2 phantoms (D:5)
  2 bullfrogs (D:6)
  A necrophage (D:4)
  5 wights (D:6)
  Dowan (D:5)
  A howler monkey (D:5)
  8 hounds
  A jelly (D:6)
  5 iguanas
  2 orc wizards
  7 adders
  4 gnolls (D:6)
  A white imp (D:6)
  4 worms
  2 dart slugs
  21 orcs
  3 bats
  4 endoplasms
  8 giant cockroaches
  8 goblins
  3 hobgoblins
  3 jackals (D:4)
  A kobold (D:3)
  5 quokkas
  6 ball pythons
  11 frilled lizards
  5 rats
135 creatures vanquished.

Vanquished Creatures (others)
  A plant (D:3)
1 creature vanquished.

Grand Total: 136 creatures vanquished

Notes
Turn   | Place    | Note
-------+----------+-------------------------------------------
     0 | D:1      | bande the Gargoyle Fighter began the quest for the Orb.
     0 | D:1      | Reached XP level 1. HP: 14/14 MP: 1/1
   194 | D:1      | Reached XP level 2. HP: 19/19 MP: 2/2
   314 | D:1      | Reached skill level 2 in Axes
   498 | D:1      | Found a faded altar of an unknown god.
   608 | D:2      | Reached XP level 3. HP: 21/23 MP: 3/3
  1194 | D:3      | Found a blossoming altar of Fedhas.
  1210 | D:3      | Reached XP level 4. HP: 29/29 MP: 4/4
  1267 | D:3      | Found a faded altar of an unknown god.
  1350 | D:3      | Found a sacrificial altar of Ru.
  1529 | D:3      | Reached skill level 3 in Axes
  1740 | D:3      | Found a hazy altar of Hepliaklqana.
  1824 | D:4      | Noticed a necrophage
  1833 | D:4      | Killed a necrophage
  1834 | D:4      | Reached XP level 5. HP: 33/33 MP: 5/5
  1850 | D:4      | Found a staircase to the Ecumenical Temple.
  1856 | D:4      | Noticed a black bear
  1860 | Temple   | Entered the Ecumenical Temple
  1866 | Temple   | Reached skill level 1 in Evocations
  2015 | Temple   | Became a worshipper of Warmaster Okawaru
  2046 | D:4      | Killed a black bear
  2047 | D:4      | Reached skill level 4 in Axes
  2047 | D:4      | Reached XP level 6. HP: 24/38 MP: 6/6
  2212 | D:4      | Found a bloodstained altar of Trog.
  2306 | D:4      | Found a burning altar of Makhleb.
  2421 | D:4      | Reached * piety under Okawaru
  2527 | D:4      | Reached skill level 1 in Invocations
  2546 | D:4      | Reached XP level 7. HP: 43/43 MP: 7/7
  3042 | D:5      | Entered Level 5 of the Dungeon
  3048 | D:5      | Reached skill level 5 in Axes
  3357 | D:5      | Reached ** piety under Okawaru
  3358 | D:5      | Reached XP level 8. HP: 48/48 MP: 9/9
  3900 | D:5      | Reached skill level 6 in Axes
  3900 | D:5      | Reached skill level 5 in Shields
  4206 | D:5      | Noticed Dowan
  4207 | D:5      | Noticed Duvessa
  4230 | D:5      | Killed Dowan
  4236 | D:5      | Killed Duvessa
  4237 | D:5      | Reached skill level 5 in Armour
  4840 | D:6      | Reached *** piety under Okawaru
  4867 | D:6      | Noticed a +0 spear
  4868 | D:6      | Noticed a +0 spear
  4868 | D:6      | Noticed a +0 falchion
  4869 | D:6      | Noticed a +0 dagger
  4872 | D:6      | Noticed a +0 short sword
  4873 | D:6      | Noticed a +0 dagger
  4876 | D:6      | Noticed a +0 falchion
  4876 | D:6      | Noticed a +0 short sword
  4979 | D:6      | Reached XP level 9. HP: 47/53 MP: 9/11
  5037 | D:6      | Reached skill level 5 in Fighting
  5037 | D:6      | Reached skill level 7 in Axes
  5344 | D:6      | Found a runed translucent door.
  5349 | D:6      | Noticed eyols's ghost (novice TrWr)
  5614 | D:6      | Found a hide-covered altar of Uskayaw.
  5896 | D:6      | HP: 2/54 [eyols's ghost (11)]
  5898 | D:6      | Annihilated by eyols's ghost

Illustrated notes

Levels and vault maps discovered:
D:1:      dpeg_arrival_castle, layout_rooms,
          dreamdust_ecumenical_altar_sealed_demon, minmay_lizard_pond
D:2:      layout_basic
D:3:      layout_basic, nicolae_overflow_ecumenical_swirl, lemuel_round_altar,
          fedhas_altar_1, palyth_stone_intersect
D:4:      layout_basic, makhleb_heckhound_becter, trog_book,
          minmay_temple_entry_mist
D:5:      layout_loops_corners, chequers_serial_rivers_marsh,
          dreamdust_princess_bridge, minmay_manual_monstrance, uniq_duvessa
D:6:      layout_basic, nicolae_uskayaw_en_pointe, ebering_ghost_sewer_d
Temple:   dpeg_chambers_temple

Skill      XL: |  1  2  3  4  5  6  7  8  9 |
---------------+----------------------------+-----
Axes           | 2 3 4 5 6 7 |  7.5
Armour         | 4 5 |  5.7
Evocations     | 1 2 3 4 |  4.0
Fighting       | 4 5 |  5.3
Shields        | 4 5 |  5.3
Invocations    | 1 2 3 4 |  4.5
Stealth        | |  0.3

Action                   |  1- 3 |  4- 6 |  7- 9 || total
-------------------------+-------+-------+-------++-------
Melee: War axe           |   127 |    92 |   306 ||   525
  Use: Scroll            |     7 |     4 |       ||    11
       Potion            |       |       |     2 ||     2
Armor: Scale mail        |    71 |       |       ||    71
       Chain mail        |    12 |    60 |   180 ||   252
Dodge: Dodged            |    74 |    19 |   119 ||   212
Block: Buckler           |    32 |    67 |    96 ||   195
       Reflection        |       |     2 |       ||     2

Table legend: (Time is in decaauts)
 A = Elapsed time spent in this place.
 B = Non-inter-level travel time spent in this place.
 C = Inter-level travel time spent in this place.
 D = Time resting spent in this place.
 E = Time spent auto-exploring this place.
 F = Levels seen in this place.
 G = Mean time per level.
                   A        B        C        D        E       F      G
               +--------+--------+--------+--------+--------+-----+--------+
         Total |   6069 |   5915 |    154 |   1019 |   3479 |   7 |  867.0 |
       Dungeon |   5896 |   5742 |    154 |   1019 |   3360 |   6 |  982.7 |
        Temple |    173 |    173 |      0 |      0 |    119 |   1 |  173.0 |
               +--------+--------+--------+--------+--------+-----+--------+

Top non-repeatable levels by time:
     D:5: 1740 daAuts
     D:6: 1172 daAuts
     D:4: 1125 daAuts
     D:1: 640 daAuts
     D:2: 609 daAuts
     D:3: 608 daAuts
  Temple: 173 daAuts
